 Dungeon Crawl Stone Soup version 0.30.0-10-gfe55d96785 (webtiles) character file.

Game seed: 8477874213739323146

1317 cheesebisquit the Magician (level 8, 0/61 HPs)
             Began as a Purple Draconian Fire Elementalist on May 14, 2023.
             Succumbed to Duvessa's poison
             ... on level 5 of the Dungeon.
             The game lasted 00:22:24 (6810 turns).

cheesebisquit the Magician (DrFE)                   Turns: 6810, Time: 00:22:25

Health: 0/61       AC:  7    Str: 10      XL:     8   Next: 33%
Magic:  15/16      EV: 12    Int: 19      God:
Gold:   241        SH:  0    Dex:  8 (11) Spells: 14/18 levels left

rFire   . . .        l - +0 whip (elec)
rCold   . . .        (no shield)
rNeg    . . .        (body armour unavailable)
rPois   .            (helmet restricted)
rElec   .            (no cloak)
rCorr   .            g - +0 pair of gloves
SInv    .            (no boots)
Will    +....        (no amulet)
Stlth   ++           (no ring)
HPRegen 0.30/turn    (no ring)
MPRegen 0.15/turn

%: no passive effects
@: lethally poisoned (0 -> -9)
A: breathe power, AC +6, unfitting armour, cold-blooded, frail 1
a: Breathe Dispelling Energy


You were on level 5 of the Dungeon.
You visited 1 branch of the dungeon, and saw 5 of its levels.
You also visited: Ossuary.

You collected 241 gold pieces.

Inventory:

Hand Weapons
 d - a +0 dagger of electrocution
 l - a +0 whip of electrocution (weapon)
 t - a +0 flail
 y - a +0 morningstar
Missiles
 p - 12 poisoned darts
 A - 3 boomerangs
Armour
 g - a +0 pair of gloves (worn)
Wands
 e - a wand of paralysis (2)
 i - a wand of quicksilver (3)
Scrolls
 b - a scroll of teleportation
 k - a scroll of immolation
 o - a scroll of identify
 u - a scroll of magic mapping
 z - a scroll of enchant armour
Potions
 a - a potion of cancellation
 c - a potion of attraction
 f - a potion of mutation
 w - a potion of degeneration
 x - a potion of brilliance


   Skills:
 + Level 5.0 Fighting
 + Level 4.5 Dodging
 - Level 5.0 Stealth
 + Level 5.5 Spellcasting
 - Level 1.0 Conjurations
 * Level 3.9 Hexes
 - Level 3.0 Fire Magic


You had 14 spell levels left.
You knew the following spells:

 Your Spells              Type           Power      Damage    Failure   Level
a - Foxfire               Conj/Fire      48%        2x1d6     5%          1
b - Inner Flame           Hex/Fire       18%        N/A       9%          3

Your spell library contained the following spells:

 Spells                   Type           Power      Damage    Failure   Level
 Scorch                   Fire           32%        2d6       5%          2
 Magic Dart               Conj           36%        1d4       8%          1
 Shock                    Conj/Air       28%        1d4       10%         1
 Sandblast                Erth           10%        2d5       12%         1
 Call Imp                 Summ           10%        N/A       19%         2
 Passwall                 Tmut/Erth      4%         N/A       19%         2
 Volatile Blastmotes      Fire/Tloc      22%        2d11      19%         3
 Ignite Poison            Fire/Tmut/Pois 9%         N/A       24%         3
 Stone Arrow              Conj/Erth      14%        3d7       28%         3
 Mephitic Cloud           Conj/Pois/Air  6%         N/A       30%         3
 Swiftness                Air            5%         N/A       34%         3
 Flame Wave               Conj/Fire      12%        2d6       45%         4
 Sticky Flame             Conj/Fire      12%        2d4       45%         4
 Airstrike                Air            2%         2d(1-17)  75%         4
 Ignition                 Fire           8%         3d5       100%        8


Dungeon Overview and Level Annotations

Branches:
Dungeon (5/15)            Ossuary (visited)
 Temple: D:4-7

Altars:
Okawaru
Uskayaw
Wu Jian
Zin

Annotations:
D:5 Dowan, Duvessa


Innate Abilities, Weirdness & Mutations

You can breathe bolts of dispelling energy.
Your rich purple scales are hard. (AC +6)
You cannot fit into any form of body armour.
You are cold-blooded and may be slowed by cold attacks.
You are frail. (-10% HP)


Message History

You feel your dexterity returning.
Your Fighting skill increases to level 5!
Your Stealth skill increases to level 5!
You see here a scorpion corpse.
o - 4 scrolls of identify (gained 1)
Found a dagger.
Duvessa is nearby!
Duvessa hits you with a +4 short sword of venom!
You see here a +0 dagger.
Duvessa hits you with a +4 short sword of venom!
You are poisoned.
You conjure some foxfire!
You feel very sick.
Duvessa hits you with a +4 short sword of venom!
Okay, then.
You hit Duvessa.
Duvessa is lightly wounded.
You feel very sick.
The foxfire hits Duvessa.
Duvessa is lightly wounded.
The foxfire hits Duvessa but does no damage.
Duvessa is lightly wounded.
Duvessa hits you with a +4 short sword of venom.
You are more poisoned.
As you read the scroll of identify, it crumbles to dust.
w - a potion of degeneration You feel very sick.
Duvessa closely misses you.
As you read the scroll of identify, it crumbles to dust.
u - a scroll of magic mapping You feel very sick.
As you read the scroll of identify, it crumbles to dust.
z - a scroll of enchant armour You feel very sick.
Duvessa zaps a wand.
The bolt of dispelling energy hits you!
* * * LOW HITPOINT WARNING * * *
Dowan shouts!
Okay, then.
Okay, then.
You die...

##.## #### .#.# #.. #.#
####... .# #.# #.#
#......... #.# ##'#
........ #.. #...#
.....e. ### .....# #...#
#.. ......# #...# #.#
.......####...########.#
.......@.e..............
.......#e##...#.######.#
......##.###.##.# #.#
.....# #.# #.##.# #..
....# #.# #..#.# ###
#..# #.####.#.# #..
#........# #. ######.###
#.#


You could see Duvessa and Dowan.

Vanquished Creatures
  Grinder (D:3)
  Eustachio (D:5)
  A black bear (D:4)
  An ogre (D:5)
  Blork the orc (D:4)
  A gnoll sergeant (D:5)
  2 scorpions
  3 centaur zombies (Ossuary)
  A hound (D:2)
  An orc priest (D:5)
  A jelly (D:5)
  Ijyb (D:5)
  2 iguanas (D:4)
  2 orc wizards (D:5)
  2 mummies (Ossuary)
  4 adders
  3 gnolls (D:5)
  2 adder zombies (Ossuary)
  2 worms
  2 dart slugs
  10 orcs
  9 endoplasms
  3 giant cockroaches
  9 goblins
  6 hobgoblins
  14 jackals
  7 kobolds
  2 quokkas (D:3)
  9 ball pythons
  7 bats
  A frilled lizard (D:1)
  3 goblin zombies (Ossuary)
  10 hobgoblin zombies (Ossuary)
  A jackal zombie (Ossuary)
  7 kobold zombies (Ossuary)
  10 orc zombies (Ossuary)
  6 rats
  A rat zombie (Ossuary)
149 creatures vanquished.

Vanquished Creatures (others)
  An orc wizard (D:5)
  An ufetubus (D:5)
  An orc (D:5)
  550 foxfires
553 creatures vanquished.

Grand Total: 702 creatures vanquished

Notes
Turn   | Place    | Note
-------+----------+-------------------------------------------
     0 | D:1      | cheesebisquit the Draconian Fire Elementalist began the
                  | quest for the Orb.
     0 | D:1      | Reached XP level 1. HP: 14/14 MP: 3/3
     6 | D:1      | Noticed a scorpion
     6 | D:1      | Noticed a polar bear
     7 | D:1      | Noticed a wyvern
     7 | D:1      | Noticed a wolf
    75 | D:1      | Reached XP level 2. HP: 21/22 MP: 0/5
   320 | D:1      | Reached skill level 1 in Fighting
   346 | D:1      | Found a faded altar of an unknown god.
  1254 | D:2      | Reached XP level 3. HP: 28/28 MP: 1/6
  1776 | D:2      | Reached XP level 4. HP: 35/36 MP: 1/7
  2136 | D:3      | Found an iron altar of Okawaru.
  2491 | D:3      | Noticed Grinder
  2496 | D:3      | Paralysed by Grinder for 3 turns
  2538 | D:3      | Killed Grinder
  2539 | D:3      | Reached XP level 5. HP: 21/45 MP: 4/9
  2539 | D:3      | Reached XP level 6. HP: 24/51 MP: 4/10
  3065 | D:4      | Noticed Blork the orc
  3078 | D:4      | Killed Blork the orc
  3176 | D:4      | Found a hide-covered altar of Uskayaw.
  3255 | D:4      | Found a sand-covered staircase.
  3261 | Ossuary  | Entered an ossuary
  3781 | Ossuary  | Your scales start taking on a rich purple colour.
  3781 | Ossuary  | Reached XP level 7. HP: 47/58 MP: 0/13
  4164 | D:4      | Learned a level 3 spell: Inner Flame
  4285 | D:4      | Reached skill level 1 in Hexes
  4630 | D:4      | Found a glowing silver altar of Zin.
  4630 | D:4      | Found an ornate altar of the Wu Jian Council.
  4664 | D:4      | Reached skill level 5 in Spellcasting
  4869 | D:5      | Entered Level 5 of the Dungeon
  5532 | D:5      | Noticed Duvessa
  5535 | D:5      | Noticed Dowan
  5541 | D:5      | HP: 2/60 [Duvessa/bolt of dispelling energy (16)]
  5724 | D:5      | Noticed Ijyb
  5741 | D:5      | Paralysed by Ijyb for 2 turns
  5744 | D:5      | Killed Ijyb
  5809 | D:5      | Reached XP level 8. HP: 48/67 MP: 7/15
  5820 | D:5      | HP: 3/67 [gnoll/+0 halberd[a gnoll sergeant] (13)]
  5829 | D:5      | Gained mutation: You are frail. (-10% HP) [potion of
                  | mutation]
  6242 | D:5      | Noticed Eustachio
  6566 | D:5      | Killed Eustachio
  6742 | D:5      | Reached skill level 5 in Fighting
  6742 | D:5      | Reached skill level 5 in Stealth
  6809 | D:5      | HP: 1/61 [Duvessa/bolt of dispelling energy (15)]
  6810 | D:5      | Succumbed to Duvessa's poison

Illustrated notes

Levels and vault maps discovered:
D:1:      onia_arrival_zoo_common, layout_basic,
          nicolae_ecumenical_snake_handling, minmay_misc_feat_five,
          hangedman_decor_clover_reticule
D:2:      layout_rooms, minmay_door_square, grunt_decor_mini_mirrors
D:3:      layout_loops_cross, kennysheep_okawaru_gauntlet, uniq_grinder
D:4:      layout_rooms, chequers_temple_overflow_statue_of_worship,
          old_standard_altar, lightli_ossuary_entry_decrepit_ruins,
          uniq_blork_the_orc
D:5:      layout_loops_corners, uniq_eustachio, uniq_prince_ribbit1,
          uniq_duvessa, uniq_ijyb

Skill      XL: |  1  2  3  4  5  6  7  8 |
---------------+-------------------------+-----
Stealth        | 2 3 4 5 |  5.0
Dodging        | 2 3 4 |  4.5
Fighting       | 1 3 4 5 |  5.0
Spellcasting   | 3 4 5 |  5.5
Hexes          | 2 3 |  3.9
Conjurations   | |  1.0
Fire Magic     | |  3.0

Action                     |  1- 3 |  4- 6 |  7- 9 || total
---------------------------+-------+-------+-------++-------
  Melee: Unarmed           |    32 |       |       ||    32
         Tailslap          |     5 |     3 |    14 ||    22
         Punch             |     1 |       |     1 ||     2
         Dagger            |    10 |       |       ||    10
         Whip              |     3 |    39 |    93 ||   135
   Cast: Foxfire           |    54 |   126 |   138 ||   318
         Inner Flame       |       |       |     1 ||     1
    Use: Potion            |       |     2 |    16 ||    18
         Scroll            |       |       |    11 ||    11
 Armour: Skin              |    22 |    27 |    98 ||   147
  Dodge: Dodged            |    49 |    26 |   205 ||   280
